 Dungeon Crawl Stone Soup version 0.20.0-15-g7f486f2 (webtiles) character file.

114 vishdafish the Covered (level 4, -6/29 HPs)
             Began as a Gargoyle Fighter on June 21, 2017.
             Killed by divine providence
             ... invoked by an orc priest
              (15 damage)
             ... on level 3 of the Dungeon.
             The game lasted 00:03:35 (1501 turns).

vishdafish the Covered (Gargoyle Fighter)           Turns: 1501, Time: 00:03:38

Health: -6/29      AC: 11    Str: 21    XL:     4   Next: 97%
Magic:  4/4        EV:  5    Int:  8    God:
Gold:   66         SH:  9    Dex:  9    Spells: 3/3 levels left

rFire    . . .     SeeInvis .   f - +0 whip
rCold    . . .     Gourm    .   c - +0 shield
rNeg     + . .     Faith    .   b - +0 scale mail
rPois    ∞         Spirit   .   d - +0 helmet
rElec    +         Reflect  .   (no cloak)
rCorr    .         Harm     .   (no gloves)
MR       .....                  (no boots)
Stlth    ..........             (no amulet)
Regen    0.1/turn               (no ring)
MPRegen  0.1/turn               (no ring)

@: constricted
A: negative energy resistance 1, electricity resistance, unbreathing,
petrification resistance, rot immunity, AC +3
a: no special abilities


You were on level 3 of the Dungeon.
You were not hungry.

You visited 1 branch of the dungeon, and saw 3 of its levels.

You collected 66 gold pieces.

Inventory:

Hand Weapons
 a - a +0 flail
 f - a +0 whip (weapon)
Armour
 b - a +0 scale mail (worn)
 c - a +0 shield (worn)
 d - a +0 helmet (worn)
Wands
 o - a wand of paralysis (18/24)
Scrolls
 e - a scroll of immolation {unknown}
 g - a scroll of teleportation {unknown}
 h - a scroll of noise {unknown}
 i - a scroll of magic mapping {unknown}
 j - 2 scrolls of remove curse {unknown}
 k - a scroll of identify {unknown}
Potions
 l - a potion of berserk rage {unknown}
 m - a potion of flight {unknown}
Comestibles
 n - a meat ration
 p - 10 fruits


   Skills:
 + Level 3.7 Fighting
 + Level 3.2 Maces & Flails
 + Level 4.0 Armour
 + Level 1.0 Dodging
 + Level 4.0 Shields


You had 3 spell levels left.
You didn't know any spells.

Dungeon Overview and Level Annotations

Branches:
Dungeon (3/15)

Altars:
Hepliaklqana
Qazlal

Portals:
Sewer: D:3


Innate Abilities, Weirdness & Mutations

You are resistant to torment.
Your stone body is resilient. (AC +3)
You are immune to poison.
You resist negative energy. (rN+)
You are resistant to electric shocks. (rElec)
You can survive without breathing.
You are immune to petrification.
You are immune to rotting.


Message History

The ball python bites you but does no damage.
The ball python constricts you. You block the orc priest's attack.
You closely miss the orc priest.
The orc priest is moderately wounded.
The ball python bites you but does no damage.
The ball python constricts you.
The orc priest hits you but does no damage.
You hit the orc priest.
The orc priest is moderately wounded.
You block the ball python's attack. The ball python constricts you.
The orc priest hits you with a hand axe.
You block the orc priest's attack.
You hit the orc priest.
The orc priest is heavily wounded.
The ball python bites you but does no damage.
The ball python constricts you. You block the orc priest's attack.
The orc priest calls down the wrath of Beogh upon you.
Beogh smites you!
Ouch! That really hurt!
You die...

#.....#..o#.###
................
########w.o#.###
.=#####s..#.#
#.....ro###.#
#######ro##.#
##.##.# #or#o#
##.#@#


#rSo# ##.r# #..# ##.# ... .... ..... ...... You could see 2 orc priests, a river
rat, a ball python and a rat.

Vanquished Creatures
  Terence (D:2)
  Robin (D:2)
  2 adders (D:2)
  A river rat (D:3)
  A worm (D:2)
  2 dart slugs (D:1)
  A leopard gecko (D:1)
  A giant cockroach (D:3)
  10 goblins
  6 hobgoblins
  2 jackals (D:1)
  A quokka (D:2)
  A bat (D:1)
  2 frilled lizards (D:2)
  6 kobolds
  5 rats
43 creatures vanquished.

Notes
Turn   | Place    | Note
-------+----------+-------------------------------------------
     0 | D:1      | vishdafish the Gargoyle Fighter began the quest for the Orb.
     0 | D:1      | Reached XP level 1. HP: 14/14 MP: 1/1
   157 | D:1      | Reached XP level 2. HP: 19/19 MP: 2/2
   487 | D:1      | Reached XP level 3. HP: 22/23 MP: 3/3
   796 | D:2      | Noticed Terence
   803 | D:2      | Killed Terence
   803 | D:2      | Reached skill level 1 in Dodging
   803 | D:2      | Reached XP level 4. HP: 22/28 MP: 4/4
  1062 | D:2      | Found a hazy altar of Hepliaklqana.
  1062 | D:2      | Found a stormy altar of Qazlal.
  1202 | D:2      | Noticed Robin
  1227 | D:2      | Killed Robin
  1470 | D:2      | You fall through a shaft!
  1470 | D:3      | Found a glowing drain.
  1501 | D:3      | Killed from afar by an orc priest

Skill      XL: |  1  2  3  4 |
---------------+-------------+-----
Dodging        | 1 |  1.0
Shields        | 4 |  4.0
Maces & Flails | 3 |  3.2
Armour         | 4 |  4.0
Fighting       | |  3.7

Action                   |  1- 3 |  4- 6 || total
-------------------------+-------+-------++-------
Melee: Flail             |    84 |    50 ||   134
       Whip              |       |    27 ||    27
  Use: Potion            |     1 |     1 ||     2
  Eat: Bread ration      |       |     1 ||     1
Armor: Scale mail        |    51 |    37 ||    88
Dodge: Dodged            |    30 |    23 ||    53
Block: Shield            |    46 |    51 ||    97
